 Dungeon Crawl Stone Soup version 0.30.1-5-ged363bc7ee (webtiles) character file.

Game seed: 440530107704965727

29989 rddays123 the Fighter (level 13, -3/112 HPs)
             Began as a Minotaur Fighter on Sept 18, 2023.
             Was a High Priest of Hepliaklqana.
             Killed from afar by Azrael (33 damage)
             ... with damnation
             ... on level 14 of the Dungeon on Sept 19, 2023.
             The game lasted 00:34:42 (15648 turns).

rddays123 the Fighter (Minotaur Fighter)           Turns: 15648, Time: 00:34:43

Health: -3/112     AC: 19    Str: 24    XL:     13   Next: 18%
Magic:  15/15      EV: 11    Int:  5    God:    Hepliaklqana [*****.]
Gold:   800        SH:  6    Dex: 18    Spells: 12/12 levels left

rFire   + . .        O - +4 war axe (freeze)
rCold   + . .        c - +0 buckler
rNeg    . . .        F - +0 plate armour
rPois   +            (helmet restricted)
rElec   +            J - +0 cloak {Will+}
rCorr   +            t - +0 pair of gloves
SInv    .            (no boots)
Will    +....        N - amulet of faith Stlth
                     q - ring of poison resistance
HPRegen 0.38/turn    G - +6 ring of dexterity
MPRegen 0.14/turn

%: faith
@: about to teleport, resistant
A: reduced essence, horns 2, retaliatory headbutt
a: Renounce Religion, Recall Ancestor, Ancestor Identity, Transference, Idealise


You were on level 14 of the Dungeon.
You worshipped Hepliaklqana.
Hepliaklqana was extremely pleased with you.
You visited 2 branches of the dungeon, and saw 15 of its levels.
You also visited: Ossuary and Ice Cave.

You collected 800 gold pieces.

Inventory:

Hand Weapons
 a - a +1 war axe
 O - a +4 war axe of freezing (weapon)
Missiles
 U - a throwing net (quivered)
Armour
 b - a +0 scale mail
 c - a +0 buckler (worn)
 t - a +0 pair of gloves (worn)
 F - a +0 plate armour (worn)
 J - a +0 cloak of willpower (worn)
Jewellery
 q - a ring of poison resistance (left hand)
 r - a ring of see invisible
 w - an amulet of guardian spirit
 G - a +6 ring of dexterity (right hand)
 L - a ring of magical power
 N - an amulet of faith (around neck)
Wands
 n - a wand of mindburst (16)
 o - a wand of roots (5)
 p - a wand of acid (11)
 M - a wand of paralysis (12)
 P - a wand of polymorph (1)
 T - a wand of flame (9)
Scrolls
 e - 5 scrolls of vulnerability
 k - 3 scrolls of fear
 l - 2 scrolls of silence
 m - 3 scrolls of teleportation
 s - 3 scrolls of butterflies
 v - 6 scrolls of poison
 y - a scroll of enchant weapon
 B - 2 scrolls of fog
 C - 4 scrolls of amnesia
 D - a scroll of enchant armour
 E - 3 scrolls of immolation
 R - 6 scrolls of identify
Potions
 d - 4 potions of might
 f - a potion of brilliance
 g - 11 potions of curing
 h - 4 potions of mutation
 i - 5 potions of heal wounds
 j - 9 potions of attraction
 u - 3 potions of berserk rage
 x - 2 potions of haste
 z - a potion of ambrosia
 A - 4 potions of degeneration
 H - a potion of resistance
 I - a potion of magic
 K - a potion of invisibility {unknown}
 Q - 2 potions of flight
 S - a potion of lignification


   Skills:
 + Level 14.4 Fighting
 + Level 14.3 Axes
 + Level 14.4 Armour
 + Level 8.6 Dodging
 - Level 5.0 Shields
 + Level 4.9 Invocations


You had 12 spell levels left.
You didn't know any spells.
Your spell library contained the following spells:

 Spells                   Type           Power      Damage    Failure   Level
 Apportation              Tloc           0%         N/A       99%         1
 Necrotise                Necr           0%         1d4       99%         1
 Sting                    Tmut/Pois      0%         1d3       99%         1
 Summon Small Mammal      Summ           0%         N/A       99%         1
 Poisonous Vapours        Pois/Air       0%         N/A       100%        2
 Static Discharge         Conj/Air       0%         2-2/arc   100%        2
 Dazzling Flash           Conj/Hex       0%         N/A       100%        3
 Frozen Ramparts          Ice            0%         1d1       100%        3
 Airstrike                Air            0%         2d(0-16)  100%        4
 Animate Armour           Summ/Erth      0%         N/A       100%        4
 Ice Form                 Ice/Tmut       0%         N/A       100%        4
 Olgreb's Toxic Radiance  Pois           0%         N/A       100%        4
 Summon Ice Beast         Ice/Summ       0%         N/A       100%        4
 Summon Lightning Spire   Summ/Air       0%         N/A       100%        4
 Agony                    Necr           0%         N/A       100%        5
 Alistair's Intoxication  Tmut/Pois      0%         N/A       100%        5
 Silence                  Hex/Air        0%         N/A       100%        5
 Summon Mana Viper        Hex/Summ       0%         N/A       100%        5
 Monstrous Menagerie      Summ           0%         N/A       100%        7


Dungeon Overview and Level Annotations

Branches:
Dungeon (14/15)            Temple (1/1) D:5            Lair (0/5) D:9
    Orc (0/2) D:9          Vaults (0/5) D:13        Ossuary (visited)
  IceCv (visited)

Altars:
Ashenzari
Cheibriados
Dithmenos
Elyvilon
Fedhas
Gozag
Hepliaklqana
Kikubaaqudgha
Makhleb
Nemelex Xobeh
Okawaru
Qazlal
Ru
Sif Muna
Trog
Uskayaw
Vehumet
Wu Jian
Xom
Yredelemnul
Zin
The Shining One

Shops:
D:2 :[*(   D:4 :   D:5 :   D:13 ?*

Annotations:
D:14 Azrael


Innate Abilities, Weirdness & Mutations

Your life essence is reduced to manifest your ancestor. (-10% HP)
You have a pair of horns on your head.
You reflexively headbutt those who attack you in melee.


Message History

You slash the hell hound! You freeze the hell hound.
You headbutt the hell hound.
The hell hound is almost dead.
The sentinel's mark upon you fades away.
The hell hound breathes flames at you. The blast of flame hits you.
Nefertari gestures at the hell hound while chanting.
The puff of frost hits the hell hound!
The hell hound is frozen!
The hell hound dies!
K - a sedimented coppery potion You swap places.
Things that are here:
a +0 short sword; a +0 scale mail You start resting.
Azrael the Boundless Flame comes into view.
He is wielding a +3 scimitar of flaming.
Okay, then.
You feel protected.
Nefertari points at Azrael and mumbles some strange words.
The puff of frost hits Azrael.
Azrael is frozen!
Azrael blows smoke rings.
Azrael gestures at you.
The sphere of damnation explodes!
The damnation engulfs you!!
* * * LOW HITPOINT WARNING * * *
The damnation engulfs Nefertari!
You hear a bark!
You see here 4 stones.
As you read the scroll of teleportation, it crumbles to dust.
You feel strangely unstable.
A hell hound comes into view.
Azrael laughs insanely.
Azrael gestures at you. The bolt of fire misses you.
The bolt of fire hits Nefertari!
Nefertari resists.
Azrael hits Nefertari with a +3 scimitar of flaming!
Azrael burns Nefertari.
You hear a bark!
The hell hound bites Nefertari but does no damage.
Azrael gestures at you.
The sphere of damnation explodes!
The damnation engulfs you!!
You die...

## ### .. ..# ###########
.###.# ####.........#
.#.#.###..'.....)...###
[#.#.#...##.hR(.@.....##
.#.#.#.####.R.......)...#
.#>#.'.# #.#'#########.#
.#.#.#.# #°#.. #
##.#.#... #.#...
.....###....##.## ###+##
###.# .# # +#


You could see the friendly Nefertari the battlemage, Azrael and a hell hound
(ally target).

Vanquished Creatures
  A hydra (D:12)
  An ice dragon (D:12)
  A boulder beetle (D:14)
  2 dancing weapons (D:13)
  A centaur warrior (D:12)
  4 two-headed ogres
  A flayed ghost (D:12)
  A deep elf pyromancer (D:14)
  5 ugly things
  3 manticores
  A cyclops (D:14)
  Maurice (D:8)
  Maggie (D:8)
  A kobold demonologist (D:10)
  A rime drake (D:9)
  3 ice devils (IceCv)
  2 polar bears (D:12)
  Prince Ribbit (D:8)
  2 wyverns
  2 shadows
  A vampire (D:12)
  A wraith (Ossuary)
  3 hogs (D:9)
  A human (D:9)
  22 yaks
  2 vampire mosquitoes (D:13)
  An acid dragon (D:11)
  A water moccasin (D:9)
  3 ice beasts
  2 orc warriors (D:9)
  3 sky beasts
  2 black bears
  An ogre (D:5)
  The ghost of turdburglar the Chiller, an amateur MfIE (D:6)
  4 centaurs
  2 wolves
  A phantom (D:4)
  3 kobold brigands
  A bullfrog (D:8)
  3 scorpions
  10 wights
  5 killer bees (D:11)
  An elephant simulacrum (IceCv)
  4 howler monkeys
  3 hounds
  2 jellies
  7 orc priests
  2 sleepcaps
  Natasha (thrice) (D:2)
  4 iguanas
  7 orc wizards
  A spriggan simulacrum (IceCv)
  A wolf simulacrum (IceCv)
  3 mummies (Ossuary)
  2 gnolls (D:6)
  A river rat (D:6)
  14 adders
  An ufetubus (D:5)
  2 worms
  24 orcs
  8 ball pythons
  4 endoplasms
  A giant cockroach (D:3)
  3 hobgoblins
  4 jackals
  13 quokkas
  A bat (shapeshifter) (D:12)
  5 bats
  2 frilled lizards
  5 goblins
  3 hobgoblin zombies (Ossuary)
  18 kobolds
  3 kobold zombies (Ossuary)
  7 rats
267 creatures vanquished.

Vanquished Creatures (collateral kills)
  A centaur warrior (D:12)
  2 two-headed ogres (D:9)
  A deep elf zephyrmancer (D:14)
  5 ugly things
  A manticore (D:11)
  2 trolls
  A vampire (D:12)
  9 yaks
  A steam dragon (D:8)
  2 vampire mosquitoes (D:13)
  A basilisk (D:13)
  An acid dragon (D:9)
  A hell hound (D:14)
  4 ice beasts
  2 centaurs (D:12)
  2 wolves (D:9)
  A gnoll sergeant (D:6)
  A killer bee (D:11)
  A howler monkey (D:10)
  An orc priest (D:12)
  2 orc wizards (D:9)
  A spriggan simulacrum (IceCv)
  A gnoll (D:6)
  A white imp (IceCv)
  An orc (D:9)
  2 goblins (D:9)
  7 kobolds
55 creatures vanquished.

Vanquished Creatures (others)
  A polar bear (D:12)
  4 battlemagi
  2 ancestors (D:8)
7 creatures vanquished.

Grand Total: 329 creatures vanquished

Notes
Turn   | Place    | Note
-------+----------+-------------------------------------------
     0 | D:1      | rddays123 the Minotaur Fighter began the quest for the Orb.
     0 | D:1      | Reached XP level 1. HP: 19/19 MP: 0/0
   215 | D:1      | Reached XP level 2. HP: 24/27 MP: 1/1
   716 | D:2      | Found Uhyi's Antique Weapon Emporium.
   794 | D:2      | Found a radiant altar of Vehumet.
   823 | D:2      | Reached XP level 3. HP: 28/33 MP: 2/2
   967 | D:2      | Found Athyw's Book Boutique.
  1021 | D:2      | Found Osyhuh's Armour Emporium.
  1069 | D:2      | Found Nifixao's General Store.
  1088 | D:2      | Noticed Natasha
  1094 | D:2      | Killed Natasha
  1095 | D:2      | Reached XP level 4. HP: 39/40 MP: 3/3
  1139 | D:2      | Noticed Natasha
  1145 | D:2      | Killed Natasha
  1766 | D:2      | Noticed Natasha
  1772 | D:2      | Killed Natasha
  1798 | D:3      | Reached XP level 5. HP: 47/47 MP: 4/4
  2218 | D:3      | Reached skill level 5 in Armour
  2223 | D:3      | Reached skill level 5 in Fighting
  2223 | D:3      | Reached skill level 5 in Shields
  2290 | D:3      | Found a faded altar of an unknown god.
  2396 | D:3      | Reached XP level 6. HP: 54/55 MP: 5/5
  2979 | D:4      | Found Ogaoc's Book Emporium.
  3224 | D:4      | Reached skill level 5 in Axes
  3439 | D:4      | Reached XP level 7. HP: 39/62 MP: 6/6
  3759 | D:5      | Entered Level 5 of the Dungeon
  3775 | D:5      | Found Depoij's Tremendous Tomes.
  3931 | D:5      | Found a glowing golden altar of the Shining One.
  4288 | D:5      | Found a staircase to the Ecumenical Temple.
  4301 | Temple   | Entered the Ecumenical Temple
  4392 | Temple   | Became a worshipper of Hepliaklqana the Forgotten
  4417 | D:5      | Reached XP level 8. HP: 67/73 MP: 7/7
  4593 | D:5      | Found a bloodstained altar of Trog.
  5273 | D:6      | Found a sand-covered staircase.
  5278 | Ossuary  | Entered an ossuary
  5723 | Ossuary  | Reached * piety under Hepliaklqana
  5859 | D:6      | Got Oles's Atlas of Convocation
  6233 | D:6      | Reached XP level 9. HP: 65/73 MP: 8/8
  6272 | D:6      | Found a runed translucent door.
  6273 | D:6      | Noticed turdburglar's ghost (amateur MfIE)
  6287 | D:6      | Killed turdburglar's ghost
  6586 | D:6      | Found a sacrificial altar of Ru.
  6586 | D:6      | Found a faded altar of an unknown god.
  6594 | D:6      | Found a shadowy altar of Dithmenos.
  6596 | D:6      | Found a burning altar of Makhleb.
  6598 | D:6      | Found a faded altar of an unknown god.
  6888 | D:7      | Found a basalt altar of Yredelemnul.
  7337 | D:7      | Found a stormy altar of Qazlal.
  7386 | D:8      | Noticed Maggie
  7387 | D:8      | Noticed Maurice
  7795 | D:8      | Upgraded the game from 0.30.1-4-g462c640d31 to
                  | 0.30.1-5-ged363bc7ee
  8070 | D:8      | Noticed Prince Ribbit
  8077 | D:8      | Killed Prince Ribbit
  8202 | D:8      | Killed Maggie
  8280 | D:8      | Reached skill level 10 in Fighting
  8280 | D:8      | Reached skill level 10 in Armour
  8513 | D:8      | Noticed a manticore
  8520 | D:8      | Killed a manticore
  8733 | D:7      | Reached skill level 10 in Axes
  8734 | D:7      | Reached XP level 10. HP: 58/84 MP: 9/9
  8963 | D:8      | Killed Maurice
  9356 | D:8      | Reached ** piety under Hepliaklqana
  9491 | D:8      | Found a white marble altar of Elyvilon.
  9729 | D:9      | Noticed a two-headed ogre
  9739 | D:9      | Killed a two-headed ogre
  9800 | D:9      | Remembered your ancestor Nefertari as a battlemage
  9827 | D:9      | Reached skill level 1 in Dodging
 10032 | D:9      | Noticed a two-headed ogre
 10039 | D:9      | Killed a two-headed ogre
 10243 | D:9      | Reached XP level 11. HP: 55/93 MP: 10/10
 10247 | D:9      | Found a staircase to the Lair.
 10367 | D:9      | Found a blossoming altar of Fedhas.
 10367 | D:9      | Found an iron altar of Okawaru.
 10369 | D:9      | Found a shimmering blue altar of Sif Muna.
 10441 | D:9      | Found a staircase to the Orcish Mines.
 10673 | D:9      | Reached *** piety under Hepliaklqana
 10930 | D:10     | Entered Level 10 of the Dungeon
 11081 | D:10     | Noticed a two-headed ogre
 11085 | D:10     | Killed a two-headed ogre
 11338 | D:10     | Reached skill level 5 in Dodging
 11421 | D:10     | Found a hide-covered altar of Uskayaw.
 11801 | D:11     | Reached **** piety under Hepliaklqana
 11858 | D:11     | Noticed a green ugly thing
 11863 | D:11     | Killed a green ugly thing
 12232 | D:12     | Noticed a centaur warrior
 12240 | D:12     | Killed a centaur warrior
 12512 | D:12     | Found a frozen archway.
 12513 | D:12     | Noticed an ice dragon
 12525 | D:12     | Reached XP level 12. HP: 97/103 MP: 11/11
 12547 | D:12     | Killed an ice dragon
 12548 | D:12     | Reached skill level 1 in Invocations
 12643 | IceCv    | Entered an ice cave
 13305 | D:12     | Noticed a two-headed ogre
 13309 | D:12     | Killed a two-headed ogre
 13309 | D:12     | Noticed a two-headed ogre
 13314 | D:12     | Killed a two-headed ogre
 13315 | D:12     | Noticed a centaur warrior
 13315 | D:12     | Noticed a two-headed ogre
 13315 | D:12     | Noticed a five-headed hydra
 13376 | D:12     | Killed a two-headed ogre
 13379 | D:12     | Killed a centaur warrior
 13640 | D:12     | Killed a nine-headed hydra
 14151 | D:13     | Found Pufurph's Overcharged Wands.
 14362 | D:13     | Found a gate to the Vaults.
 14450 | D:13     | Found Gyiriag's Magic Scroll Emporium.
 14959 | D:14     | Found a hide-covered altar of Uskayaw.
 14960 | D:14     | Reached ***** piety under Hepliaklqana
 14981 | D:14     | HP: 1/105 [red ugly thing (14)]
 15279 | D:14     | Reached XP level 13. HP: 111/111 MP: 15/15
 15643 | D:14     | Noticed Azrael
 15648 | D:14     | Killed from afar by Azrael

Illustrated notes

Levels and vault maps discovered:
D:1:      dpeg_arrival_boxes_within_box, layout_basic, minmay_heptomino_d4
D:2:      layout_loops_cross, basic_altar, serial_shops,
          nicolae_shop_statue_plus, shop, shop, shop,
          chequers_serial_rivers_small_3, uniq_natasha
D:3:      layout_loops_corners, nicolae_ecumenical_snake_handling
D:4:      layout_basic, serial_shops, shop
D:5:      layout_loops_ring, trog_book, nicolae_tso_carved_into_rock,
          minmay_temple_entry_stoned_glass, nicolae_shop_i_like_big_books
D:6:      layout_loops_ring, chequers_temple_overflow_minitemple,
          hellmonk_ghost_happy_afterlife, enter_ossuary_2,
          gup_sewer_entry_spiral
D:7:      layout_rooms, nicolae_qazlal_eye_of_the_storm, lemuel_round_altar
D:8:      nicolae_cairo_tiling, layout_gridville,
          mainiacjoe_overflow_six_doors_small, uniq_maurice,
          uniq_prince_ribbit1, uniq_maggie
D:9:      layout_irregular_city, nicolae_overflow_hidden_temple,
          hellmonk_lair_entry_icy, orc_0_dummy, enter_bailey_3, grunt_livestock
D:10:     layout_basic, lemuel_crystal_altar
D:11:     layout_big_octagon
D:12:     layout_roguey, portal_ice_cave_entry_animals_and_master, wad_scary_box
D:13:     layout_long_grid, erik_vaults_1, serial_shops,
          nicolae_shop_pleasant_corner_grove, nicolae_shop_overcharged_wands
D:14:     layout_roguey, gammafunk_ghost_smash, nicolae_uskayaw_dance_hall,
          hangedman_decor_push, billiards_dpeg, uniq_azrael
Temple:   zaba_magenta_temple

Skill      XL: |  1  2  3  4  5  6  7  8  9 10 11 12 |
---------------+-------------------------------------+-----
Fighting       | 4 5 7 8 10 11 13 14 | 14.4
Armour         | 4 5 7 8 10 11 13 14 | 14.4
Shields        | 4 5 |  5.0
Axes           | 3 4 5 6 8 10 11 13 14 | 14.3
Dodging        | 3 6 8 |  8.6
Invocations    | 4 |  4.9

Action                     |  1- 3 |  4- 6 |  7- 9 | 10-12 | 13-15 || total
---------------------------+-------+-------+-------+-------+-------++-------
  Melee: War axe           |    51 |    96 |   250 |   366 |    41 ||   804
         Headbutt          |     5 |     8 |    57 |    99 |    16 ||   185
 Invoke: Ancestor Life: Ba |       |       |       |     1 |       ||     1
    Use: Scroll            |       |     1 |    13 |    14 |     1 ||    29
         Potion            |       |       |     2 |     1 |     1 ||     4
   Stab: Distracted        |       |       |     1 |     4 |       ||     5
 Armour: Scale mail        |    27 |    48 |    83 |    43 |       ||   201
         Plate armour      |       |       |       |   117 |    13 ||   130
  Dodge: Dodged            |    20 |    39 |   107 |   149 |     8 ||   323
  Block: Buckler           |    12 |    21 |    53 |    87 |     7 ||   180
